 Dungeon Crawl Stone Soup version 0.28.0-47-ge53b351184 (webtiles) character file.

Game seed: 9256577040126290349

614 HatHat the Slasher (level 7, -5/61 HPs)
             Began as a Minotaur Berserker on Apr 28, 2022.
             Was a Believer of Trog.
             Slain by a water moccasin (7 damage)
             ... on level 6 of the Dungeon.
             The game lasted 00:26:32 (3078 turns).

HatHat the Slasher (Minotaur Berserker)             Turns: 3078, Time: 00:26:44

Health: -5/61      AC:  8    Str: 21 (24) XL:     7   Next: 20%
Magic:  6/6        EV: 10    Int:  2 (4)  God:    Trog [**....]
Gold:   201        SH:  0    Dex:  7 (9)  Spells: 6/6 levels left

rFire   . . .      SeeInvis .   s - +0 great sword
rCold   . . .      Faith    .   (shield currently unavailable)
rNeg    . . .      Spirit   .   b - +1 scale mail
rPois   .          Reflect  .   (helmet restricted)
rElec   .          Harm     .   (no cloak)
rCorr   .          Rampage  .   (no gloves)
Will    .....                   (no boots)
Stlth   ..........              (no amulet)
HPRegen 0.20/turn               (no ring)
MPRegen 0.10/turn               (no ring)

@: lethally poisoned (-5 -> -24)
A: horns 2, retaliatory headbutt
a: Renounce Religion, Berserk, Trog's Hand


You were on level 6 of the Dungeon.
You worshipped Trog.
Trog was pleased with you.
You visited 1 branch of the dungeon, and saw 6 of its levels.

You collected 201 gold pieces.

Inventory:

Hand Weapons
 a - a +0 falchion
 i - a +0 flail
 n - a +0 short sword of draining
 s - a +0 great sword (weapon)
 w - a +0 hunting sling
Missiles
 e - 49 stones
 r - 4 large rocks
 v - 36 sling bullets
Armour
 b - a +1 scale mail (worn)
 c - a +0 helmet
 g - a +0 ring mail
 p - a +0 chain mail
 u - a +0 pair of boots
Magical Staves
 o - a staff of earth
Scrolls
 j - 2 scrolls of identify
 k - 2 scrolls of vulnerability
Potions
 t - a potion of mutation {unknown}


   Skills:
 + Level 5.0 Fighting
 + Level 7.5 Long Blades
 + Level 5.3 Armour
 + Level 3.2 Dodging
 + Level 0.4 Stealth


You had 6 spell levels left.
You didn't know any spells.
Your spell library was empty.

Dungeon Overview and Level Annotations

Branches:
Dungeon (6/15)
 Temple: D:4-7

Altars:
Dithmenos


Innate Abilities, Weirdness & Mutations

You have a pair of horns on your head.
You reflexively headbutt those who attack you in melee.


Message History

The water moccasin is severely wounded.
You feel sick.
The water moccasin bites you but does no damage.
The centaur zombie closely misses you. x2
The water moccasin bites you but does no damage.
You miss the water moccasin.
Your headbutt misses the water moccasin.
The water moccasin is severely wounded.
You feel sick. The centaur zombie closely misses you. You furiously retaliate!
You headbutt the centaur zombie. The centaur zombie closely misses you.
The water moccasin closely misses you. The centaur zombie hits you.
The centaur zombie kicks you but does no damage.
The water moccasin bites you.
You are more poisoned.
The water moccasin poisons you!
You slash the centaur zombie!
The centaur zombie is almost destroyed.
You feel very sick. The centaur zombie hits you.
The centaur zombie kicks you but does no damage.
The water moccasin bites you.
* * * LOW HITPOINT WARNING * * *
The centaur zombie hits you but does no damage.
The centaur zombie kicks you but does no damage.
The water moccasin misses you.
You slash the centaur zombie!
You destroy the centaur zombie!
Trog accepts your kill.
You feel very sick. The water moccasin bites you.
* * * LOW HITPOINT WARNING * * *
You are lethally poisoned!
The water moccasin poisons you!
It was a potion of degeneration.
There was something very wrong with that liquid.
You feel weakened.
You feel dopey.
You feel clumsy.
* * * LOW HITPOINT WARNING * * *
You feel very sick. The water moccasin bites you!
You die...

#.. #.. ..## ##
#..# ##.#
..##...#
###......##
##.........#
#...<@S)...#
#............#
#............#
#.............#
#.............#
#.............#
#..............
#..............


You could see a water moccasin.

Vanquished Creatures
  A black bear (D:4)
  2 scorpions
  A centaur zombie (D:6)
  5 hounds
  A centaur skeleton (D:5)
  A bullfrog skeleton (D:5)
  2 iguanas (D:4)
  A hound skeleton (D:4)
  3 gnolls (D:3)
  2 adders
  2 worms
  3 orcs
  4 ball pythons
  An endoplasm (D:2)
  4 giant cockroaches
  7 goblins
  4 hobgoblins
  7 jackals
  3 bats
  6 kobolds
  A rat (D:1)
61 creatures vanquished.

Notes
Turn   | Place    | Note
-------+----------+-------------------------------------------
     0 | D:1      | HatHat the Minotaur Berserker began the quest for the Orb.
     0 | D:1      | Reached XP level 1. HP: 19/19 MP: 0/0
    94 | D:1      | Reached XP level 2. HP: 23/27 MP: 1/1
   258 | D:1      | Reached skill level 4 in Long Blades
   300 | D:1      | Found a faded altar of an unknown god.
   542 | D:2      | Reached ** piety under Trog
  1018 | D:2      | Reached XP level 3. HP: 31/33 MP: 2/2
  1405 | D:3      | Reached XP level 4. HP: 16/41 MP: 3/3
  1644 | D:4      | Reached skill level 5 in Long Blades
  1678 | D:4      | Noticed a black bear
  1684 | D:4      | Killed a black bear
  1685 | D:4      | Reached XP level 5. HP: 38/47 MP: 4/4
  1791 | D:4      | Reached skill level 6 in Long Blades
  1896 | D:4      | Reached XP level 6. HP: 7/53 MP: 5/5
  2029 | D:4      | Found a shadowy altar of Dithmenos.
  2755 | D:5      | Entered Level 5 of the Dungeon
  2778 | D:5      | Reached skill level 7 in Long Blades
  2846 | D:5      | Reached skill level 5 in Armour
  2848 | D:5      | Reached XP level 7. HP: 32/60 MP: 6/6
  3000 | D:5      | Reached skill level 5 in Fighting
  3078 | D:6      | HP: 2/61 [poisoned by a water moccasin]
  3078 | D:6      | Slain by a water moccasin

Illustrated notes

Levels and vault maps discovered:
D:1:      dpeg_arrival_arbitrary_a, layout_loops_ring,
          hellmonk_ecumenical_altar_run_dry, dk_noncrumbling_2
D:2:      layout_loops_ring, serial_rivers, chequers_serial_rivers_small_b,
          chequers_serial_rivers_small_a, chequers_serial_rivers_large_b,
          chequers_serial_rivers_small_a
D:3:      layout_rooms, kennysheep_generic_room_15
D:4:      layout_basic, nicolae_overflow_hidden_temple, serial_bayou_pond_e,
          grunt_ministairs_15, minivault_25, chequers_serial_rivers_micro_b
D:5:      layout_basic, nicolae_vehumet_altar_sigil
D:6:      lemuel_insect_pit, layout_cave_pods, mainiacjoe_overflow_swirl,
          minmay_temple_entry_arrows, serial_shops, nicolae_inconvenience_store

Skill      XL: |  1  2  3  4  5  6  7 |
---------------+----------------------+-----
Fighting       | 4 5 |  5.0
Long Blades    | 4 5 6 7 |  7.5
Armour         | 3 4 5 |  5.3
Dodging        | 3 |  3.2
Stealth        | |  0.4

Action                   |  1- 3 |  4- 6 |  7- 9 || total
-------------------------+-------+-------+-------++-------
Melee: Falchion          |    71 |       |       ||    71
       Headbutt          |    10 |    12 |       ||    22
       Great sword       |       |    90 |    14 ||   104
  Use: Potion            |       |     6 |     1 ||     7
       Scroll            |       |       |     4 ||     4
Armor: Animal skin       |     4 |       |       ||     4
       Scale mail        |    17 |    59 |    14 ||    90
       Ring mail         |     6 |       |       ||     6
Dodge: Dodged            |    56 |    58 |    26 ||   140
